[Event "*** Titled Tuesday 3|2 Blitz"]
[Site "Chess.com"]
[Date "2015.03.03"]
[Round "9"]
[White "bsmail"]
[Black "Polemistis"]
[Result "1-0"]
[WhiteElo "2045"]
[BlackElo "1585"]
[TimeControl "180+2"]
[EndTime "12:56:01 PST"]
[Termination "bsmail won by resignation"]

1. d4 f5 2. g3 Nf6 3. Bg2 g6 4. c4 Bg7 5. Nc3 O-O 6. Nf3 d6 7.
O-O Qe8 8. d5 a5 9. b3 c6 10.
Bf4 Ne4 11. Nxe4 fxe4 12. Ng5 Bxa1 13. Qxa1 cxd5 14. cxd5 h6 15. Nxe4 Bf5 16. Bxh6 Rf7 17. Ng5 Nd7 18. e4 Bg4 19. h3 Be2 20. Re1 Bd3 21. Qd1 Nc5 22. Qg4 Rf6 23. e5 dxe5 24.
Rxe5 Bf5 25. Qc4 Nd7 26. d6+ e6 27. Re1 Rc8 28. Qh4 b5 29. g4 Bc2 30. Be4 Bxe4 31.
Nxe4 Rf7 32. Qg5 Nf8 33. Nf6+ Rxf6 34. Qxf6 Qf7 35. Qe5 Rc2 36. f4 Qa7+ 37. Qe3 Qb7 38. Qe4 Qa7+ 39. Re3 Re2 40. f5 gxf5 41. gxf5 exf5 42.
Qd5+ Kh7 43. Qxf5+ Kxh6 44. Qxf8+ Kh7 45. Qe7+ Qxe7 46. Rxe7+ Rxe7 1-0

[Event "*** Titled Tuesday 3|2 Blitz"]
[Site "Chess.com"]
[Date "2015.03.03"]
[Round "9"]
[White "kesarev"]
[Black "Bab3s"]
[Result "1-0"]
[WhiteElo "2221"]
[BlackElo "2038"]
[TimeControl "180+2"]
[EndTime "12:56:06 PST"]
[Termination "kesarev won by resignation"]

1. Nf3 Nf6 2. c4 e6 3. g3 d5 4. Bg2 Be7 5. O-O O-O 6. b3 b6 7. d4 Bb7 8. Nc3 a5 9. Bb2 Nbd7 10. e3 a4 11. Qe2 a3 12. Bc1 Bb4 13. Bd2 Bxc3 14.
Bxc3 Ne4 15. Rfc1 Ndf6 16. Nd2 Nxc3 17. Rxc3 c5 18. dxc5 bxc5 19. Rc2 Rc8 20. cxd5 Bxd5 21. e4 Ba8 22. Rac1 Nd7 23. Nc4 Qe7 24. Nxa3 Rfd8 25.
Qe3 h6 26. h4 Qf6 27. Nc4 e5 28. Bh3 Rc7 29. Rd2 Nf8 30. Rcd1 Rxd2 31. Rxd2 Ne6 32. Rd6 Qe7 33. Bxe6 fxe6 34. f3 Kh7 35. Qd2 Bb7 36.
Nxe5 c4 37. Nxc4 Qf7 38. Kg2 e5 39. Nxe5 Qh5 40. Nc4 Qc5 41. Rd7 Rxd7 42. Qxd7 Ba6 43. Qf5+ 1-0

[Event "*** Titled Tuesday 3|2 Blitz"]
[Site "Chess.com"]
[Date "2015.03.03"]
[Round "9"]
[White "Gevorg_Harutjunyan"]
[Black "darsen_sanzhaev"]
[Result "0-1"]
[WhiteElo "2483"]
[BlackElo "2202"]
[TimeControl "180+2"]
[EndTime "12:56:18 PST"]
[Termination "darsen_sanzhaev won on time"]

1. e4 c5 2. Nc3 e6 3. Nf3 a6 4. d4 cxd4 5. Nxd4 Qc7 6. Qf3 Nc6 7. Be3 b5 8. Nxc6 dxc6 9. Bd3 Bb7 10. a4 b4 11. Nb1 c5 12. Nd2 Nf6 13. O-O Bd6 14. h3 Be5 15. Nc4 Bd4 16. Bxd4 cxd4 17. Qg3 Qxg3 18.
fxg3 Ke7 19. e5 Ne8 20. Rf4 Rd8 21. Na5 Ba8 22. Bxa6 f6 23. Re1 Rd5 24. Nc4 Nc7 25.
Bb5 Rhd8 26. exf6+ gxf6 27. Rh4 h5 28. g4 Nxb5 29.
axb5 Rxb5 30. gxh5 Rg5 31. Re2 Bf3 32. Rd2 e5 33. h6 e4 34. h7 e3 0-1

[Event "*** Titled Tuesday 3|2 Blitz"]
[Site "Chess.com"]
[Date "2015.03.03"]
[Round "9"]
[White "michaelk123"]
[Black "HansCoolNiemann"]
[Result "1/2-1/2"]
[WhiteElo "1906"]
[BlackElo "1835"]
[TimeControl "180+2"]
[EndTime "12:56:50 PST"]
[Termination "Game drawn by repetition"]

1. e4 b6 2. d4 Bb7 3. Bd3 e6 4.
Nd2 c5 5. c3 d5 6. e5 c4 7. Bc2 Nc6 8. Ne2 b5 9. O-O b4 10. f4 g6 11. g4 Qa5 12. f5 Bh6 13. Nf3 Bxc1 14. Qxc1 exf5 15. gxf5 O-O-O 16. b3 bxc3 17. bxc4 dxc4 18. Be4 Nce7 19. Bxb7+ Kxb7 20. Rb1+ Kc8 21.
f6 Nd5 22. Nf4 h5 23. Nxd5 Rxd5 24. Qf4 Qc7 25. Qe4 Qd7 26. Kh1 Nh6 27. Rbc1 Kb8 28.
Rxc3 Rc8 29. Qf4 Nf5 30. e6+ Qd6 31. Qxd6+ Nxd6 32. e7 Rf5 33. Nd2 Rxf1+ 34. Nxf1 Ne4 35. Rxc4 Nxf6 36. Rb4+ Kc7 37. Ne3 Re8 38. Ra4 Kb7 39.
Rb4+ Ka6 40. Rc4 Kb6 41. d5 Rxe7 42. Rc6+ Kb7 43. Rxf6 Rxe3 44. Rxf7+ Kb6 45. Rf6+ Kc5 46. Rxg6 Re1+ 47. Kg2 Re2+ 48. Kg3 Re1 49. Kf4 Re2 50. d6 Rxa2 51. Rg5+ Kxd6 52. Rxh5 a5 53. Ke3 a4 54.
Kd3 Rb2 55. Kc3 a3 56. Ra5 Rxh2 57. Rxa3 Rh3+ 58. Kb2 Rh2+ 59. Kc3 Kc5 60. Ra5+ Kb6 61. Rg5 Rh3+ 62. Kc4 Rh4+ 63. Kd5 Ra4 64. Rg1 Ra5+ 65. Kd6 Ra3 66. Rb1+ Ka6 67. Kc5 Rc3+ 68. Kb4 Rc7 69. Rh1 Rb7+ 70. Kc5 Rc7+ 71. Kd6 Rc2 72. Rb1 Rd2+ 73. Kc6 Rc2+ 74. Kd5 Rd2+ 75. Kc6 Rc2+ 76. Kd5 Rd2+ 77. Kc6 Rc2+ 78. Kd5 Rd2+ 79. Kc6 Rc2+ 80. Kd5 Rd2+ 81. Kc6 Rc2+ 1/2-1/2

[Event "*** Titled Tuesday 3|2 Blitz"]
[Site "Chess.com"]
[Date "2015.03.03"]
[Round "9"]
[White "LADIESGET2KNOWME"]
[Black "DanielRensch"]
[Result "0-1"]
[WhiteElo "2249"]
[BlackElo "2257"]
[TimeControl "180+2"]
[EndTime "12:56:56 PST"]
[Termination "DanielRensch won by checkmate"]

1. d4 Nf6 2. Nf3 c5 3. c3 b6 4.
Bf4 Bb7 5. e3 g6 6. h3 Bg7 7.
Be2 O-O 8. Nbd2 d6 9. O-O Nbd7 10.
a4 a6 11. Qb3 Re8 12. Nc4 Bd5 13. Qd1 b5 14. axb5 axb5 15. Na3 b4 16. Nc4 bxc3 17.
bxc3 Ne4 18. Qc2 Qc7 19. Rac1 Rec8 20. Ncd2 Nxd2 21. Qxd2 Ra2 22. Qd1 cxd4 23. exd4 Nb6 24. Nd2 e5 25. dxe5 dxe5 26. Be3 Qc6 27. Bf3 Bxf3 28.
Qxf3 Qxf3 29. Nxf3 Nc4 30. Bg5 f6 31. Bh4 f5 32.
Rfd1 h6 33. Be7 e4 34. Nd4 Ne5 35. Nb5 Nd3 36. Ra1 Rxa1 37. Rxa1 Bxc3 38. Nxc3 Rxc3 39. Bf6 Rc2 40. Ra7 Rc1+ 41. Kh2 Nxf2 42. Rg7+ Kf8 43. Rxg6 Kf7 44. Rxh6 f4 45. Bg5 Rh1# 0-1

[Event "*** Titled Tuesday 3|2 Blitz"]
[Site "Chess.com"]
[Date "2015.03.03"]
[Round "9"]
[White "FabianEnglert"]
[Black "IMRosen"]
[Result "1/2-1/2"]
[WhiteElo "2245"]
[BlackElo "2132"]
[TimeControl "180+2"]
[EndTime "12:56:57 PST"]
[Termination "Game drawn - insufficient material"]

1. Nf3 Nf6 2. c4 e6 3. g3 d5 4. Bg2 dxc4 5. O-O a6 6. Na3 Bxa3 7. bxa3 Nc6 8. Bb2 O-O 9. Rc1 Re8 10. Rxc4 e5 11.
Rxc6 bxc6 12. Nxe5 Bb7 13. d4 Qd6 14. Qc2 Nd5 15. Rc1 Rad8 16. e3 Qh6 17. Nxc6 Rd6 18.
Ne5 Nxe3 19. fxe3 Qxe3+ 20. Qf2 Qxf2+ 21. Kxf2 Bxg2 22. Kxg2 f6 23. Nc4 Re2+ 24. Kf3 Rde6 25. d5 Re7 26. Bc3 Rxh2 27. Bb4 Rd7 28. Ne3 Rxa2 29. Rc6 a5 30. Bxa5 Rxa3 31. Bxc7 Rxd5 32. Bd6 Rdd3 33. Bxa3 Rxa3 34. g4 Ra7 35. Nf5 Kf7 36. Rd6 Ra3+ 37. Kf4 Ra4+ 38. Rd4 Rxd4+ 39. Nxd4 g6 40. Nb5 h5 41. Nd6+ Ke6 42. gxh5 gxh5 43. Ne4 h4 44. Nxf6 h3 45. Kg3 h2 46. Kxh2 1/2-1/2

[Event "*** Titled Tuesday 3|2 Blitz"]
[Site "Chess.com"]
[Date "2015.03.03"]
[Round "9"]
[White "GMHess"]
[Black "Malev212"]
[Result "0-1"]
[WhiteElo "2448"]
[BlackElo "2129"]
[TimeControl "180+2"]
[EndTime "12:57:03 PST"]
[Termination "Malev212 won by resignation"]

1. e4 e5 2. Nf3 Nc6 3. Bb5 Bc5 4.
O-O d6 5. c3 Bd7 6. d4 Bb6 7.
a4 a6 8. Bxc6 Bxc6 9. a5 Ba7 10.
dxe5 dxe5 11. Nxe5 Qxd1 12. Rxd1 Bxe4 13. Re1 f5 14.
Nd2 Nf6 15. Nxe4 Nxe4 16. Be3 Bxe3 17. Rxe3 O-O 18. f3 Rfe8 19. Nc4 Nf6 20. Rd1 g6 21. Kf2 Rxe3 22. Nxe3 Kf7 23. Rd4 Ke6 24. g4 fxg4 25. fxg4 Rf8 26. Ke2 Rf7 27. g5 Nh5 28. Rb4 c6 29.
Re4+ Kd7 30. Ng4 Rf5 31. h4 Ng3+ 32. Ke3 Nxe4 33. Kxe4 Ke6 34. b4 Rf1 35. Nh2 Rc1 36. Kd4 Kf5 37. Nf3 Kg4 38. Ne5+ Kxh4 39. Nf7 Rd1+ 40. Kc5 Rd7 41. Ne5 Re7 42. Nxc6 bxc6 43. Kxc6 Kxg5 44. c4 h5 45. b5 h4 46. b6 h3 47. Kd6 Rh7 48. c5 h2 49. c6 h1=Q 50.
c7 Qb7 0-1

[Event "*** Titled Tuesday 3|2 Blitz"]
[Site "Chess.com"]
[Date "2015.03.03"]
[Round "9"]
[White "gumersindo"]
[Black "pKiLz5Rn9b"]
[Result "1/2-1/2"]
[WhiteElo "2118"]
[BlackElo "2236"]
[TimeControl "180+2"]
[EndTime "12:57:12 PST"]
[Termination "Game drawn - insufficient material"]

1. d4 g6 2. c4 Nf6 3. Nf3 Bg7 4.
g3 c5 5. d5 d6 6. Nc3 Kf8 7.
Bg2 h5 8. e4 Nbd7 9. Qe2 Ng4 10.
Bd2 a6 11. O-O b5 12. h3 Nge5 13. Nxe5 Nxe5 14. cxb5 axb5 15. f4 Nc4 16. Nxb5 Nxd2 17. Qxd2 Ba6 18. a4 Qb6 19. Kh2 h4 20. g4 Bd4 21. Nxd4 Bxf1 22. Nc6 Bb5 23. a5 Qc7 24. e5 Bxc6 25. dxc6 dxe5 26. Qd7 Qxd7 27. cxd7 Rd8 28. a6 Kg7 29. a7 Rxd7 30. a8=Q Rxa8 31. Rxa8 exf4 32.
Rc8 Rd2 33. Kg1 Rxb2 34. Rxc5 Rb4 35. g5 f6 36. Kf2 Rb2+ 37. Kf3 fxg5 38. Rxg5 Kf6 39.
Rc5 e5 40. Bf1 Rb3+ 41. Kg4 Rg3+ 42. Kxh4 Kf5 43. Rc8 Ke4 44. Rd8 Kf3 45. Rd3+ Kf2 46. Rd1 e4 47. Ba6 f3 48. Rf1+ Kg2 49. Re1 g5+ 50. Kh5 Kxh3 51. Rxe4 f2 52. Bf1+ Kh2 53. Rg4 Rg1 54. Bc4 Rc1 55. Ba6 Rc6 56. Bf1 Rc1 57. Rg2+ Kh1 58. Rxf2 Kg1 59. Rf5 Rxf1 60. Rxf1+ Kxf1 61. Kxg5 1/2-1/2

[Event "*** Titled Tuesday 3|2 Blitz"]
[Site "Chess.com"]
[Date "2015.03.03"]
[Round "9"]
[White "patzerplay"]
[Black "petrpalachev"]
[Result "1-0"]
[WhiteElo "2188"]
[BlackElo "2414"]
[TimeControl "180+2"]
[EndTime "12:57:44 PST"]
[Termination "patzerplay won on time"]

1. e4 c6 2. d4 d5 3. f3 e6 4. Nc3 Nf6 5. Qd3 c5 6. dxc5 Nc6 7. a3 Bxc5 8. Bg5 dxe4 9. Qxd8+ Nxd8 10. Bxf6 gxf6 11.
Nxe4 Be7 12. Bb5+ Bd7 13. Bxd7+ Kxd7 14. O-O-O+ Kc7 15. Ne2 Nc6 16. N2c3 a6 17. Kb1 f5 18. Nf2 Rhg8 19. g3 h5 20. Nd3 h4 21. Rhg1 hxg3 22. hxg3 Rg7 23. Ne2 Rh8 24. Rg2 Bd6 25. f4 f6 26. Rf1 Rh5 27. c3 e5 28. Kc2 e4 29.
Nb4 Ne7 30. Nd4 Rg4 31. Rd1 Bxb4 32. axb4 Rh3 33. Ne2 Ng6 34. Rd5 Nh4 35. Rf2 Rhxg3 36. Nxg3 Rxg3 37. Rh2 Ng2 38. Rh7+ Kb6 39. Rd6+ Ka7 40.
Rdd7 Nxf4 41. Rxb7+ Ka8 42. Ra7+ Kb8 43. Rhb7+ Kc8 44. Rc7+ Kb8 45. Rcb7+ Kc8 46. Rh7 Kb8 47. Rxa6 Nd5 48. Rd6 Ne3+ 49. Kb3 Rg8 50. Rb6+ Kc8 51. Rxf6 Re8 52. Rc6+ Kb8 53. Rb6+ Kc8 54. Ra6 Kb8 55.
Rha7 Re5 56. Rh7 Nd5 57. Rd6 Kc8 58. Rc6+ 1-0

[Event "*** Titled Tuesday 3|2 Blitz"]
[Site "Chess.com"]
[Date "2015.03.03"]
[Round "9"]
[White "Novak_Pezelj"]
[Black "destroyer305"]
[Result "1-0"]
[WhiteElo "2381"]
[BlackElo "2198"]
[TimeControl "180+2"]
[EndTime "12:57:57 PST"]
[Termination "Novak_Pezelj won on time"]

1. e4 c5 2. Bc4 g6 3. Nc3 Bg7 4.
d3 Nc6 5. Nge2 d6 6. O-O Nf6 7. Bg5 Nd4 8. Nxd4 cxd4 9. Ne2 Qb6 10. a4 a5 11. Bb5+ Bd7 12. Ra3 Bxb5 13. Rb3 Qc5 14. Rxb5 Qa7 15. c3 dxc3 16. bxc3 O-O 17. Qb3 Rab8 18.
Be3 Qa6 19. Rb1 Ng4 20. Bb6 Ne5 21. d4 Nc6 22. d5 Na7 23. Bxa7 Qxa7 24. Rxb7 Rxb7 25.
Qxb7 Qc5 26. Qb5 Qc7 27. Rb3 Rc8 28. g3 Qc4 29. f3 Rc5 30. Qxc4 Rxc4 31. Rb8+ Bf8 32.
Ra8 Rxa4 33. Kf2 Kg7 34. Ke3 Ra2 35. h4 h5 36. Nd4 Rg2 37. Kf4 Ra2 38. g4 hxg4 39.
Kxg4 a4 40. h5 gxh5+ 41. Kxh5 Ra1 42. Nf5+ Kg8 43. Nxe7+ Kg7 44. Nf5+ Kg8 45. Kg5 a3 46. Kf6 a2 47. c4 Kh7 48. Ra7 Kg8 49. Ra8 Kh7 50. Kxf7 Bh6 51. Nxh6 Kxh6 52. Ke6 Kg5 53. Kxd6 Kf4 54. e5 Kxf3 55. e6 Ke3 56. e7 1-0

[Event "*** Titled Tuesday 3|2 Blitz"]
[Site "Chess.com"]
[Date "2015.03.03"]
[Round "9"]
[White "Schemato"]
[Black "Irochka83"]
[Result "0-1"]
[WhiteElo "2070"]
[BlackElo "2261"]
[TimeControl "180+2"]
[EndTime "12:57:57 PST"]
[Termination "Irochka83 won by resignation"]

1. c4 e5 2. g3 Nc6 3. Nc3 g6 4.
Bg2 Bg7 5. e4 d6 6. Nge2 h5 7.
h3 h4 8. g4 f5 9. gxf5 gxf5 10. d3 f4 11. Bf3 Nh6 12. Nd5 Nf7 13.
b3 Ng5 14. Ng1 Nxf3+ 15. Nxf3 Be6 16. Bb2 Qd7 17. Ng5 Bg8 18. Qg4 O-O-O 19. Qxd7+ Kxd7 20. Ke2 Bh6 21. Rag1 Rf8 22. f3 Nd8 23. Rg2 c6 24.
Nc3 Ne6 25. Nxe6 Bxe6 26. Nd1 Rfg8 27. Rxg8 Rxg8 28. Nf2 Rg2 29. Kf1 Rg3 30. Ke2 Bg5 31. Bc3 Bf6 32. Be1 d5 33. Rh2 Rg1 34. Ng4 Bg7 35.
Kf2 Rg3 36. Ke2 dxe4 37. dxe4 b5 38. cxb5 cxb5 39. Kf2 Kc6 40. Bb4 Kb6 41. Rh1 a5 42. Bc3 b4 43. Bb2 Kb5 44. Rh2 a4 45. Rh1 axb3 46.
axb3 Bxb3 47. Nxe5 Be6 48. Nd3 Bxb2 49. Nxb2 Rxh3 50. Rxh3 Bxh3 51. Nd3 b3 52. Ke2 Kc4 53. Kd2 Bf1 54. Nxf4 h3 55. Nxh3 Bxh3 56. Kc1 Kc3 57. e5 b2+ 0-1

[Event "*** Titled Tuesday 3|2 Blitz"]
[Site "Chess.com"]
[Date "2015.03.03"]
[Round "9"]
[White "AUSSIE_PINOY"]
[Black "Tirantes"]
[Result "0-1"]
[WhiteElo "2217"]
[BlackElo "2207"]
[TimeControl "180+2"]
[EndTime "12:58:00 PST"]
[Termination "Tirantes won by resignation"]

1. d4 d5 2. Nf3 e6 3. c4 Be7 4.
Nc3 Nf6 5. Bg5 O-O 6. e3 h6 7. Bh4 b6 8. Bd3 Bb7 9. Bxf6 Bxf6 10. cxd5 exd5 11. g4 c5 12. h4 g6 13. Qc2 cxd4 14. exd4 Bg7 15. O-O-O Nc6 16. a3 Qf6 17. Rh3 Rfd8 18.
g5 Qf4+ 19. Kb1 h5 20. Ne2 Qd6 21. Qd2 Rac8 22. Rhh1 Na5 23. Qf4 Nc4 24. Qxd6 Rxd6 25. Nf4 Re8 26. Rhe1 Rdd8 27. Ka2 a6 28. Rc1 Rxe1 29.
Rxe1 Bf8 30. b3 Nd6 31. Rc1 Rc8 32. Rxc8 Nxc8 33. Ne5 Bd6 34. Ne2 Ne7 35. f4 a5 36.
Kb2 Bc8 37. Nc3 Kg7 38. a4 f6 39. gxf6+ Kxf6 40. Nb5 Bb8 41. Kc3 Bf5 42. Kd2 Bxd3 43. Kxd3 Kf5 44. Ke3 Bxe5 45. dxe5 Kg4 46. Nd4 Kxh4 47. Kf3 Kh3 48. e6 h4 49. Ne2 Nf5 50. Nc1 Kh2 51. Nd3 h3 52. Nf2 Nd4+ 53. Kg4 Nxe6 54.
Nxh3 Kg2 55. Ng5 Nxg5 56. Kxg5 Kf3 57. f5 gxf5 58. Kxf5 d4 59. Ke5 d3 60. Kd6 d2 61. Kc6 d1=Q 62. Kxb6 Qd2 63. Kb5 Ke4 0-1

[Event "*** Titled Tuesday 3|2 Blitz"]
[Site "Chess.com"]
[Date "2015.03.03"]
[Round "9"]
[White "Mugzyyy"]
[Black "megarompa"]
[Result "0-1"]
[WhiteElo "2449"]
[BlackElo "2683"]
[TimeControl "180+2"]
[EndTime "12:58:54 PST"]
[Termination "megarompa won by resignation"]

1. d4 d5 2. c4 dxc4 3. e4 Nf6 4.
e5 Nd5 5. Bxc4 Nb6 6. Bd3 Nc6 7. Ne2 Bg4 8. Be3 e6 9. Nbc3 Be7 10. a3 a5 11. Qc2 Bh5 12. Nf4 Bg6 13. Nxg6 hxg6 14.
O-O-O Nd5 15. Nxd5 exd5 16. e6 fxe6 17. Bxg6+ Kd7 18. Kb1 Qf8 19. Rc1 Ra6 20. Bd3 Rb6 21.
Ka1 Bxa3 22. Rb1 Bb4 23. Qa4 g5 24. Rbc1 Bd6 25. Bb5 Bf4 26. Rc5 Bxe3 27. fxe3 Qf2 28.
Rhc1 Qd2 29. e4 Kc8 30. exd5 exd5 31. R5c2 Qb4 32. Bxc6 bxc6 33. Qxb4 axb4 34. h3 Rh4 35. Rxc6 Rxc6 36. Rxc6 Rxd4 37. Ka2 Rd2 38. g4 Rd3 39. Rg6 Rxh3 40. Rxg5 c6 41. Rg8+ Kc7 42. g5 Kb6 43. g6 Rg3 44. Kb1 b3 45. Kc1 Rg2 46. Rb8+ Kc5 47.
Rxb3 Rg1+ 48. Kd2 Rg2+ 49. Kc1 Rxg6 50. Rh3 Rg1+ 51. Kc2 Rg2+ 52. Kc3 Rg4 53. Rh6 Kb5 54. b3 c5 55. Rh8 Rg3+ 56. Kc2 Rg2+ 57. Kd3 Rg3+ 58.
Kc2 d4 59. Rh6 Rc3+ 60. Kb2 Rf3 61. Kc2 Rf2+ 62. Kc1 Kb4 63. Rc6 Rh2 64. Kd1 d3 65.
Rc8 Rb2 66. Kc1 Rc2+ 67. Kd1 Kxb3 68. Rd8 c4 69. Rb8+ Kc3 70. Ra8 Rd2+ 71. Kc1 Rh2 72. Kb1 Rh1+ 73. Ka2 d2 0-1

[Event "*** Titled Tuesday 3|2 Blitz"]
[Site "Chess.com"]
[Date "2015.03.03"]
[Round "9"]
[White "1stSecond"]
[Black "AndreyOstrovskiy"]
[Result "1/2-1/2"]
[WhiteElo "2372"]
[BlackElo "2357"]
[TimeControl "180+2"]
[EndTime "12:59:06 PST"]
[Termination "Game drawn - insufficient material"]

1. d4 Nf6 2. c4 e6 3. Nf3 b6 4. g3 Ba6 5. Nbd2 c6 6. Bg2 d5 7. O-O Nbd7 8. b3 Be7 9. Bb2 O-O 10. Rc1 Rc8 11. Re1 c5 12. cxd5 exd5 13. Ne5 Nxe5 14. dxe5 Ne8 15. Nb1 Nc7 16. e3 Bb7 17. Nc3 Qd7 18. Qd2 Rcd8 19. Rcd1 Qe6 20. f4 f6 21.
exf6 Bxf6 22. h3 Rfe8 23. Kh2 b5 24. Qf2 b4 25. Na4 Bxb2 26. Nxc5 Qb6 27. Nxb7 Bc3 28. Nxd8 Bxe1 29. Qxe1 Rxd8 30. Qd2 a5 31. Qd4 Qb5 32. e4 Qe2 33. Rd2 Nb5 34. Rxe2 Nxd4 35. Rf2 dxe4 36. Bxe4 h6 37. g4 Nb5 38. Bf5 Kf7 39. g5 Nc3 40. h4 Rd1 41. Bg4 Ra1 42. Bh5+ Ke7 43. f5 hxg5 44. hxg5 Rxa2 45. f6+ gxf6 46. gxf6+ Kf8 47.
Rxa2 Nxa2 48. Kg3 Nc1 49. Bd1 Kf7 50. Kf3 Kxf6 51. Ke4 Ke6 52. Kd4 Kd6 53. Kc4 Kc6 54. Bf3+ Kb6 55. Bh5 Na2 56. Be8 Nc3 57. Bd7 Ne4 58.
Be6 Nf6 59. Kd4 Kb5 60. Bf7 Kb6 61. Be6 Ne8 62. Bd7 Nd6 63. Kd5 Nb5 64. Kc4 Nc3 65. Bf5 Kc6 66. Bg6 Kd6 67. Bh7 Ke5 68. Bg8 Ke4 69.
Kc5 Kd3 70. Kb6 Na2 71. Kxa5 Kc3 72. Ka4 Nc1 73. Bf7 Nd3 74. Kb5 Ne5 75. Bg8 Nf3 76. Bf7 Nd4+ 77. Ka4 Nf5 78. Bg8 Ne3 79. Bf7 Nc2 80.
Kb5 Nd4+ 81. Ka4 Nf5 82. Bg8 Nd6 83. Ka5 Ne4 84. Kb5 Nd2 85. Ka4 Nxb3 86. Bxb3 Kb2 87. Kxb4 1/2-1/2

[Event "*** Titled Tuesday 3|2 Blitz"]
[Site "Chess.com"]
[Date "2015.03.03"]
[Round "9"]
[White "ChessPsych0"]
[Black "SuPeR_Fm"]
[Result "0-1"]
[WhiteElo "2065"]
[BlackElo "2341"]
[TimeControl "180+2"]
[EndTime "12:59:43 PST"]
[Termination "SuPeR_Fm won by resignation"]

1. d4 c5 2. d5 e5 3. e4 d6 4. Bb5+ Nd7 5. a4 Be7 6. Nf3 Nf6 7. Nc3 O-O 8. O-O a6 9. Be2 Re8 10. Nd2 Nf8 11. Nc4 Ng6 12. Be3 Nf4 13. Bxf4 exf4 14.
e5 dxe5 15. Nxe5 Bf5 16. Qd2 Bd6 17. Nc4 Ne4 18. Nxe4 Bxe4 19. f3 Bf5 20. Bd3 Bc8 21. Rfe1 Rf8 22. Nxd6 Qxd6 23. c4 Bd7 24. Re4 g5 25. a5 Rae8 26. Rae1 Rxe4 27. Rxe4 Re8 28. Rxe8+ Bxe8 29. Qe1 Bd7 30. h4 h6 31. hxg5 hxg5 32.
Qe4 f5 33. Qe1 Qf6 34. Qc3 Qxc3 35. bxc3 Kf7 36. Bc2 Kf6 37. Kf2 Ke5 38. Ke2 Be8 39. Kf2 Bd7 40. Ke2 Kd6 41. Kd3 Kc7 42. Kd2 b6 43.
axb6+ Kxb6 44. Kc1 Kc7 45. Kb2 Kd6 46. Ka3 g4 47. Ba4 Bc8 48. Bc6 Kc7 49. Ka4 Kb6 50. Be8 g3 51. d6 Be6 52. d7 Kc7 53. d8=Q+ Kxd8 54. Bg6 Bxc4 55. Bxf5 Be2 56. Bh3 Kc7 57. Ka5 Kd6 58. Ka4 Kd5 59. Kb3 a5 60. Ka4 Kc4 61. Kxa5 Kxc3 62. Kb6 Kd4 63. Kc6 c4 64. Kd6 c3 65.
Bf5 Bxf3 66. gxf3 g2 67. Bc2 g1=Q 68. Be4 Qe3 69. Ke6 0-1

[Event "*** Titled Tuesday 3|2 Blitz"]
[Site "Chess.com"]
[Date "2015.03.03"]
[Round "9"]
[White "Fandorine"]
[Black "Tilicheev_Viacheslav"]
[Result "1/2-1/2"]
[WhiteElo "2566"]
[BlackElo "2519"]
[TimeControl "180+2"]
[EndTime "13:00:38 PST"]
[Termination "Game drawn by agreement"]

1. b3 e5 2. Bb2 Nc6 3. e3 Nf6 4. Bb5 Bd6 5. Na3 Na5 6. Be2 O-O 7. Nb5 Qe7 8. Nxd6 Qxd6 9. Nf3 Re8 10. O-O Nc6 11. d4 exd4 12. Nxd4 Nxd4 13. Bxd4 b6 14.
Bf3 Rb8 15. c4 Qe7 16. Rc1 d6 17. Qc2 Bb7 18. Bxb7 Rxb7 19. Rfd1 a5 20. Qf5 Ne4 21. Qg4 f6 22. Qf5 Qe6 23. Qd5 Rbb8 24. f3 Nc5 25. e4 Kf7 26. Kf2 Rbc8 27. h4 c6 28. Qxe6+ Kxe6 29. Be3 Red8 30. Rd2 Rd7 31. Rcd1 Rcd8 32.
g4 d5 33. Bxc5 bxc5 34. cxd5+ cxd5 35. Ke3 d4+ 36. Kd3 a4 37. Rc1 axb3 38. axb3 Rb7 39.
Rxc5 Rxb3+ 40. Ke2 Rd7 41. Kf2 h6 42. Rc4 Ke5 43. Rc5+ Ke6 44. h5 Rb4 45. Kg3 Ra7 46. Rd5 Raa4 47. Kf4 Rc4 48. Rd3 Rcb4 49. Rd8 Ke7 50.
Rd5 Ke6 51. Rd1 Rc4 52. Rb1 Rcb4 53. Rd1 Rc4 54. Kg3 Ke7 55. Rd2 Ke6 56. Kf4 Rcb4 57. Rc2 Rc4 58. Rb2 Rcb4 59. Rd2 Rc4 60. Kg3 Rcb4 61.
Rd3 Rc4 62. Kf4 Rab4 63. Ra5 Ra4 64. Rb5 Rab4 65. Rd5 Ke7 66. Rd1 Ke6 67. Rf5 Rc3 68.
Rd5 Rbb3 69. Rf1 Rd3 70. Rd8 Ke7 71. Rd5 Kf7 72. e5 fxe5+ 73. Rxe5 Kg8 74. Rf5 Kh7 75. Ke4 Rd2 76. Ra1 Re3+ 77. Kd5 Rdd3 78. f4 Rg3 79. g5 hxg5 80. fxg5 Rdf3 81. Rxf3 Rxf3 82. Kxd4 Rh3 83. Ke4 Rxh5 84. Kf4 Rh2 85. Ra6 1/2-1/2

[Event "*** Titled Tuesday 3|2 Blitz"]
[Site "Chess.com"]
[Date "2015.03.03"]
[Round "9"]
[White "GGuseinov"]
[Black "AlexanderL"]
[Result "0-1"]
[WhiteElo "2521"]
[BlackElo "2533"]
[TimeControl "180+2"]
[EndTime "13:02:10 PST"]
[Termination "AlexanderL won by resignation"]

1. e4 e6 2. d4 d5 3. Nd2 c5 4. Ngf3 cxd4 5. exd5 Qxd5 6. Bc4 Qd6 7. O-O Nf6 8. Nb3 Nc6 9. Nbxd4 Nxd4 10. Nxd4 a6 11. c3 Qc7 12. Bd3 Bd6 13. h3 Bh2+ 14. Kh1 Bf4 15.
Bxf4 Qxf4 16. Qf3 Qxf3 17. Nxf3 b6 18. Ne5 Bb7 19. Rad1 Ke7 20. Kg1 Rhd8 21. Bc2 Rxd1 22.
Rxd1 Rc8 23. f3 Rc5 24. Nd3 Rc7 25. Kf2 Nd5 26. Bb3 a5 27. Ne5 b5 28. a3 f6 29. Bxd5 Bxd5 30. Ng4 Bb3 31. Rd2 Rc5 32.
Ne3 g5 33. Rd4 e5 34. Nf5+ Ke6 35. Ng7+ Ke7 36. Nf5+ Ke6 37. Ng7+ Ke7 38. Rd2 Be6 39. g4 Bd7 40. Nh5 Be6 41. Ng3 Rc4 42. Ne4 b4 43. cxb4 axb4 44. axb4 Rxb4 45. Rc2 Bd5 46. Ng3 Ke6 47.
Nf5 Rf4 48. Rc3 Rb4 49. Rc7 Rxb2+ 50. Kg3 Rb7 51. Ng7+ Kd6 52. Ne8+ Ke6 53. Rc3 Ke7 54. Ng7 Kd7 55. Nf5 Rb1 56. Rd3 Rb5 57. Ra3 Bb7 58. Rd3+ Rd5 59. Rb3 Kc7 60. Rc3+ Kd8 61. Rb3 Kc7 62.
Rc3+ Bc6 63. Ne7 Rd6 64. Nf5 Re6 65. Ng7 Re7 66. Nf5 Rd7 67. Ra3 Kb6 68. Rb3+ Bb5 69. Rc3 Rd2 70. Rb3 Kc5 71. Rb1 Bd3 72. Rc1+ Kd5 73.
h4 Bxf5 74. gxf5 gxh4+ 75. Kxh4 Rh2+ 76. Kg4 Rg2+ 77. Kh4 Rg5 78. Rd1+ Kc4 79. Rd7 Rxf5 80. Kg4 Rf4+ 81. Kg3 h5 82. Kf2 h4 83. Ke3 Kc5 84. Rd8 Kc6 85. Rd1 h3 86. Kf2 Rh4 87. Kg3 Rh5 88. Kh2 f5 89. Rd8 Kc5 90. Rd7 e4 91. fxe4 fxe4 92. Rd8 Kc4 93. Rd7 e3 94. Rd8 Kc3 95.
Re8 Kd4 96. Rd8+ Ke4 97. Re8+ Re5 98. Ra8 e2 99. Ra1 Kf3 100. Re1 Kf2 101. Rg1 e1=Q 102. Rf1+ Kxf1 0-1